 Dungeon Crawl Stone Soup version 0.22-a0-538-g76cc104 (webtiles) character file.

1159 inc the Digger (level 8, 0/46 HPs)
             Began as an Octopode Earth Elementalist on June 23, 2018.
             Was an Initiate of Gozag.
             Slain by a killer bee (5 damage)
             ... on level 6 of the Dungeon.
             The game lasted 00:14:30 (7417 turns).

inc the Digger (Octopode Earth Elementalist)        Turns: 7417, Time: 00:14:30

Health: 0/46       AC:  1    Str: 11    XL:     8   Next: 39%
Magic:  16/17      EV: 13    Int: 25    God:    Gozag
Gold:   338        SH:  0    Dex: 13    Spells: 13/19 levels left

rFire    . . .     SeeInvis .   u - -1 trident (curse)
rCold    . . .     Gourm    .   (no shield)
rNeg     . . .     Faith    .   (helmet restricted)
rPois    .         Spirit   .   (no amulet)
rElec    .         Reflect  .   p - ring of Modesty {Str+4 Int+6}
rCorr    .         Harm     .   (no ring)
MR       .....                  (no ring)
Stlth    +++.......             (no ring)
HPRegen  0.15/turn              (no ring)
MPRegen  0.15/turn              (no ring)
                                (no ring)
                                (no ring)

@: lethally poisoned (0 -> -12), invisible
A: almost no armour, stealthy swim, amphibious, 8 rings, constrict 8, camouflage
1, gelatinous body 1
a: Potion Petition, Call Merchant, Bribe Branch, Renounce Religion


You were on level 6 of the Dungeon.
You worshipped Gozag.
Gozag was aware of your devotion.
You were not hungry.

You visited 2 branches of the dungeon, and saw 10 of its levels.
You also visited: Sewer.

You collected 413 gold pieces.
You paid 75 gold pieces to Gozag.

Inventory:

Hand Weapons
 r - a +0 spear
 u - a cursed -1 trident (weapon)
 G - a +0 antimagic rapier
Missiles
 b - 109 stones (quivered)
Jewellery
 p - the ring of Modesty (left tentacle) {Str+4 Int+6}
   (You found it on level 4 of the Dungeon)

   [ring of intelligence]

   It affects your strength (+4).
   It affects your intelligence (+6).
 y - an uncursed ring of wizardry {unknown}
Wands
 x - a wand of digging (17)
 E - a wand of iceblast (12)
 F - a wand of clouds (8)
Scrolls
 a - 2 scrolls of blinking
 g - 4 scrolls of fear
 i - a scroll of immolation
 k - 4 scrolls of teleportation
 n - 3 scrolls of remove curse
 o - 2 scrolls of random uselessness {unknown}
 s - 3 scrolls of identify
 w - a scroll of magic mapping
 z - a scroll of enchant armour {unknown}
 A - 2 scrolls of enchant weapon
 B - a scroll of amnesia {unknown}
Potions
 d - a potion of might {unknown}
 f - 3 potions of brilliance
 h - 5 potions of flight {unknown}
 j - 3 potions of degeneration {unknown}
 l - 3 potions of haste {unknown}
 m - a potion of curing
 q - a potion of cancellation {unknown}
 t - a potion of mutation {unknown}
 v - a potion of magic {unknown}
 C - a potion of berserk rage {unknown}
 D - a potion of agility {unknown}
Comestibles
 c - 9 rations


   Skills:
 - Level 2.0 Dodging
 - Level 2.6 Stealth
 - Level 6.1 Spellcasting
 + Level 4.4 Conjurations
 - Level 1.0 Transmutations
 + Level 6.3 Earth Magic


You had 13 spell levels left.
You knew the following spells:

 Your Spells              Type           Power        Failure   Level  Hunger
a - Sandblast             Erth           #####.       1%          1    None
b - Stone Arrow           Conj/Erth      ####..       2%          3    None
f - Passwall              Tmut/Erth      ####....     2%          2    None

Your spell library contained the following spells:

 Spells                   Type           Power        Failure   Level  Hunger
 Lee's Rapid Deconstruct  Erth           #####.....   16%         5    #####..
 Petrify                  Tmut/Erth      ####....     16%         4    ###....


Dungeon Overview and Level Annotations

Branches:
Dungeon (9/15)             Temple (1/1) D:5
   Lair: D:8-11         Orc: D:9-12

Altars:
Ashenzari
Cheibriados
Dithmenos
Elyvilon
Fedhas
Gozag
Hepliaklqana
Makhleb
Nemelex Xobeh
Okawaru
Qazlal
Ru
Sif Muna
Trog
Uskayaw
Wu Jian
Xom
Yredelemnul
The Shining One


Innate Abilities, Weirdness & Mutations

You cannot wear most types of armour.
You are very stealthy in the water. (Stealth+)
You are amphibious.
You can wear up to eight rings at the same time.
You can use your tentacles to constrict eight enemies at once.
Your skin changes colour to match your surroundings (Stealth+).
Your rubbery body absorbs attacks. (AC +1, EV +1)


Message History

The killer bee is almost dead.
b - 109 stones You feel sick.
The killer bee completely misses you. The killer bee stings you!
The killer bee stings you. x2
* * * LOW HITPOINT WARNING * * *
You are lethally poisoned!
The killer bee poisons you!
You feel better. The killer bee stings you.
You are poisoned.
The killer bee poisons you! The killer bee stings you.
You are more poisoned.
The killer bee poisons you! The killer bee stings you!
* * * LOW HITPOINT WARNING * * *
The killer bee barely misses you.
You fade into invisibility!
* * * LOW HITPOINT WARNING * * *
You feel sick. The killer bee closely misses you. The killer bee misses you.
The killer bee closely misses you. The killer bee stings you.
You die...
Your body crumbles into a pile of gold.

#..# ##.## #..# ##... #....
#### ##.... #..### ##.....
.. ##....### ##..##.. #..
##.y@y[..## ##..####. #..#
#.........###..## ##
#...#########..)..........##
#
...............<.........##
#.....).......#######..#
#...........### #..#
#.....##......### #..#
#.....###.......## #..#
#.....# ###......####.##


You could see 2 killer bees.

Vanquished Creatures
  2 ogres (D:6)
  3 centaurs (D:5)
  A bullfrog (D:6)
  An orc priest (D:4)
  2 bullfrog skeletons
  A jelly (D:2)
  A centaur skeleton (D:8)
  An iguana (D:5)
  Natasha (thrice) (D:2)
  4 worker ants
  Robin (D:3)
  3 gnolls (D:5)
  11 adders
  A river rat (D:4)
  6 oozes
  8 worms
  4 dart slugs
  7 leopard geckos
  7 orcs
  17 bats
  7 giant cockroaches
  10 hobgoblins
  12 jackals
  5 quokkas
  A ball python (D:3)
  12 frilled lizards
  16 goblins
  8 kobolds
  2 quokka skeletons (D:4)
  14 rats
171 creatures vanquished.

Notes
Turn   | Place    | Note
-------+----------+-------------------------------------------
     0 | D:1      | inc the Octopode Earth Elementalist began the quest for the Orb.
     0 | D:1      | Reached XP level 1. HP: 11/11 MP: 3/3
   305 | D:1      | Reached XP level 2. HP: 17/17 MP: 3/5
   584 | D:1      | Learned a level 2 spell: Passwall
   806 | D:1      | Reached XP level 3. HP: 20/21 MP: 4/6
  1075 | D:2      | Reached XP level 4. HP: 25/27 MP: 3/7
  1088 | D:2      | Noticed Natasha
  1093 | D:2      | Killed Natasha
  1093 | D:2      | Reached skill level 5 in Earth Magic
  1104 | D:2      | Noticed Natasha
  1108 | D:2      | Killed Natasha
  1108 | D:2      | Reached XP level 5. HP: 23/31 MP: 1/8
  1114 | D:2      | Noticed Natasha
  1122 | D:2      | Killed Natasha
  1406 | D:2      | Learned a level 3 spell: Stone Arrow
  2027 | D:3      | Noticed Robin
  2175 | D:3      | Reached XP level 6. HP: 30/36 MP: 5/10
  2204 | D:3      | Killed Robin
  3070 | D:3      | Found a shimmering altar of Xom.
  3389 | D:4      | Found a glowing drain.
  3393 | Sewer    | Entered a sewer
  4288 | D:4      | Reached XP level 7. HP: 35/41 MP: 6/14
  4295 | D:4      | Reached skill level 5 in Spellcasting
  4460 | D:4      | Found a snail-covered altar of Cheibriados.
  5119 | D:4      | Got a smoking brass ring
  5120 | D:4      | Identified the ring of Modesty {Str+4 Int+6} (You found it on level 4 of the Dungeon)
  5446 | D:5      | Entered Level 5 of the Dungeon
  5824 | D:5      | Found a staircase to the Ecumenical Temple.
  5922 | Temple   | Entered the Ecumenical Temple
  6210 | Temple   | Became a worshipper of Gozag Ym Sagoz the Greedy
  6527 | D:5      | Reached XP level 8. HP: 46/46 MP: 11/15
  7077 | D:6      | You fall through a shaft for 3 floors!
  7417 | D:6      | Slain by a killer bee

Vault maps used:
D:1:      grunt_arrival_lava_bath
D:2:      kennysheep_generic_room_3, uniq_natasha
D:3:      tgw_xom, first_ration, uniq_robin
D:4:      kennysheep_little_box, gup_sewer_entry_bowl, kennysheep_small_circle
D:5:      minmay_temple_entry_statues, minmay_lizard_king
D:6:      grunt_qazlal_clouds
D:7:      cheibrodos_two_vegetables, minitemple
D:8:      marbit_many_paths
D:9:      kennysheep_generic_room_6
Temple:   minmay_temple_bridge_d
Sewer:    sewer_fruit_machine

Skill      XL: |  1  2  3  4  5  6  7  8 |
---------------+-------------------------+-----
Earth Magic    | 4 5 6 |  6.3
Spellcasting   | 3 4 5 6 |  6.1
Conjurations   | 4 |  4.4
Dodging        | |  2.0
Stealth        | |  2.6
Transmutations | |  1.0

Action                   |  1- 3 |  4- 6 |  7- 9 || total
-------------------------+-------+-------+-------++-------
Melee: Unarmed           |    66 |    48 |       ||   114
       Constrict         |    24 |    27 |     3 ||    54
       Tentacles         |    10 |    14 |     4 ||    28
       Spear             |       |    44 |    12 ||    56
 Cast: Sandblast         |    22 |    99 |    52 ||   173
       Stone Arrow       |       |       |     2 ||     2
  Use: Scroll            |       |    10 |     1 ||    11
       Potion            |       |       |     2 ||     2
 Stab: Sleeping          |     3 |     8 |       ||    11
  Eat: Chunk             |     1 |     9 |     5 ||    15
       Ration            |       |       |     2 ||     2
Armor: Skin              |    16 |    11 |     3 ||    30
Dodge: Dodged            |    70 |    98 |    20 ||   188

Table legend:
 A = Spawn XP
 B = Non-spawn XP
 C = Spawn XP percentage of total XP
 D = Spawn monster count
 E = Non-spawn monster count
 F = Spawn count percentage of total count
 G = Total turns spent on level
                    A         B        C        D         E        F      G
               +---------+---------+-------+---------+---------+-------+---------
         Total |       0 |    1657 |   0.0 |       0 |     171 |   0.0 |  7417
               +---------+---------+-------+---------+---------+-------+---------
           D:1 |       0 |      57 |   0.0 |       0 |      32 |   0.0 |  1023
           D:2 |       0 |     228 |   0.0 |       0 |      32 |   0.0 |  1234
           D:3 |       0 |     174 |   0.0 |       0 |      37 |   0.0 |   877
           D:4 |       0 |     254 |   0.0 |       0 |      18 |   0.0 |  1525
           D:5 |       0 |     500 |   0.0 |       0 |      24 |   0.0 |  1075
           D:6 |       0 |     326 |   0.0 |       0 |       3 |   0.0 |   197
           D:8 |       0 |      39 |   0.0 |       0 |       1 |   0.0 |   262
         Sewer |       0 |      79 |   0.0 |       0 |      24 |   0.0 |   787
               +---------+---------+-------+---------+---------+-------+---------
